 Dungeon Crawl Stone Soup version 0.18.1-48-g4cf74bf (webtiles) character file.

131 Freeplumber the Ruffian (level 5, -5/44 HPs)
             Began as a Naga Transmuter on July 26, 2016.
             Slain by WarriorsX's ghost (6 damage)
             ... on level 3 of the Dungeon.
             The game lasted 00:16:39 (1509 turns).

Freeplumber the Ruffian (Naga Transmuter)           Turns: 1509, Time: 00:16:39

Health: -5/44      AC:  5    Str: 13    XL:     5   Next: 14%
Magic:  1/9        EV: 10    Int: 13    God:
Gold:   127        SH:  0    Dex: 12    Spells: 3 memorised, 3 levels left

rFire  . . .     SeeInvis +       - Unarmed
rCold  + . .     Gourm    +     b - +0 robe
rNeg   . . .     Faith    .     (no shield)
rPois  +         Spirit   .     (no helmet)
rElec  .         Dismiss  .     (no cloak)
rCorr  .         Reflect  .     o - +2 pair of gloves {archery}
SustAt .         Harm     .     (no barding)
MR     .....                    f - amulet of the gourmand
Stlth  +.........               (no ring)
                                q - ring of protection from cold

@: appendage, very slightly contaminated, very slow, not resistant to hostile
enchantments, very unstealthy
A: horns 2, see invisible, deformed body, poison resistance, slowness 2, slow
metabolism 1, spit poison 2, AC +1
a: Spit Poison, End Transformation


You were on level 3 of the Dungeon.
You were not hungry.
You had grown temporary horns.
You visited 1 branch of the dungeon, and saw 3 of its levels.

You collected 127 gold pieces.

Inventory:

Hand Weapons
 e - a +0 club
 m - a +0 dagger
Missiles
 a - 23 arrows
 i - 24 poisoned needles
Armour
 b - a +0 robe (worn)
 g - a +0 robe
 o - a +2 pair of gloves of archery (worn)
Jewellery
 f - an amulet of the gourmand (around neck)
 q - a ring of protection from cold (left hand)
Wands
 h - a wand of acid (2/15)
 j - a wand of confusion (8/48)
Scrolls
 n - a scroll of magic mapping
Books
 c - a book of Changes

   Spells                             Type                      Level
   a - Beastly Appendage              Transmutation                1
   b - Sticks to Snakes               Transmutation                2
   c - Spider Form                    Transmutation/Poison         3
   d - Ice Form                       Ice/Transmutation            4
   e - Blade Hands                    Transmutation                5
Comestibles
 d - a bread ration
 k - 2 fruits
 l - a meat ration


   Skills:
 + Level 1.5 Fighting
 + Level 2.5 Dodging
 + Level 0.4 Stealth
 + Level 3.7 Unarmed Combat
 + Level 2.9 Spellcasting
 + Level 2.6 Transmutations


You had 3 spell levels left.
You knew the following spells:

 Your Spells              Type           Power        Failure   Level  Hunger
a - Beastly Appendage     Trmt           #.....       10%         1    #......
b - Sticks to Snakes      Trmt           #.......     14%         2    ###....
c - Spider Form           Trmt/Pois      #.........   38%         3    ###....


Dungeon Overview and Level Annotations

Branches:
Dungeon (3/15)

Altars:
Pakellas

Annotations:
D:3 WarriorsX's ghost, amateur HuFi


Innate Abilities, Weirdness & Mutations

You cannot wear boots.
Your serpentine skin is tough (AC +1).
You have supernaturally acute eyesight.
Armour fits poorly on your strangely shaped body.
Your system is resistant to poisons.
You cover ground very slowly.
You have a slow metabolism.
You can spit poison.
You have a pair of horns on your head.


Message History

You grow a pair of large bovine horns.
WarriorsX's ghost closely misses you.
You hit WarriorsX's ghost but do no damage.
WarriorsX's ghost closely misses you.
You hit WarriorsX's ghost.
WarriorsX's ghost is lightly damaged.
WarriorsX's ghost closely misses you.
You closely miss WarriorsX's ghost.
You headbutt WarriorsX's ghost, but do no damage.
WarriorsX's ghost is lightly damaged.
WarriorsX's ghost completely misses you.
You barely miss WarriorsX's ghost.
WarriorsX's ghost is lightly damaged.
WarriorsX's ghost hits you!
* * * LOW HITPOINT WARNING * * *
Casting: Beastly Appendage
Confirm with . or Enter, or press ? or * to list all spells.
You miscast Spider Form.
You are very lightly contaminated with residual magic.
Waves of light ripple over your body. WarriorsX's ghost hits you.
You die...

. # 8.. #. ...'#§# ###
####.§§#####.##
.....⌠§§§§....#
####.§§#####..# +#.#
##.### #.# #.W(## #.#
#..@.## #.# #.....#####
##.## ##.........#
##...### #......###.#
#.##.#..#.###.....## #.#
#..................# #.#
####.#.##.##.##.##.###.##
#.#.##<##.##.# .##...##
##.#.##.......# .#.#.#.##


You could see WarriorsX's ghost.

Vanquished Creatures
  Ijyb (D:2)
  5 adders (D:3)
  A worm (D:2)
  2 dart slugs
  A giant gecko (D:1)
  A giant cockroach (D:1)
  2 hobgoblins
  2 jackals (D:2)
  2 kobolds (D:2)
  2 ball pythons (D:1)
  6 bats
  4 giant newts
  5 goblins
  A rat (D:1)
35 creatures vanquished.

Vanquished Creatures (collateral kills)
  3 adders
  A worm (D:2)
  A dart slug (D:1)
  A giant cockroach (D:1)
  2 goblins
  3 hobgoblins
  A jackal (D:2)
  3 bats
  A kobold (D:1)
  A rat (D:1)
17 creatures vanquished.

Grand Total: 52 creatures vanquished

Notes
Turn   | Place    | Note
--------------------------------------------------------------
     0 | D:1      | Freeplumber the Naga Transmuter began the quest for the Orb.
     0 | D:1      | Reached XP level 1. HP: 18/18 MP: 3/3
   314 | D:1      | Reached XP level 2. HP: 16/25 MP: 3/5
   510 | D:1      | Learned a level 2 spell: Sticks to Snakes
   780 | D:2      | Reached XP level 3. HP: 16/31 MP: 6/6
   916 | D:2      | Learned a level 3 spell: Spider Form
   993 | D:2      | Noticed Ijyb
  1011 | D:2      | Killed Ijyb
  1011 | D:2      | Reached XP level 4. HP: 38/38 MP: 2/7
  1226 | D:3      | Reached XP level 5. HP: 9/44 MP: 3/9
  1308 | D:3      | Found an oddly glowing altar of Pakellas.
  1486 | D:3      | Noticed WarriorsX's ghost (amateur HuFi)
  1508 | D:3      | HP: 1/44 [WarriorsX's ghost (10)]
  1509 | D:3      | Slain by WarriorsX's ghost

Skill      XL: |  1  2  3 |
---------------+----------+-----
Dodging        | 2 |  2.5
Fighting       | |  1.5
Stealth        | |  0.4
Unarmed Combat | |  3.7
Spellcasting   | |  2.9
Transmutations | |  2.6

Action                   |  1- 3 |  4- 6 || total
-------------------------+-------+-------++-------
Melee: Unarmed           |    82 |    61 ||   143
       Headbutt          |     4 |     3 ||     7
       Club              |    16 |       ||    16
       Punch             |       |     1 ||     1
 Cast: Beastly Appendage |    10 |     8 ||    18
       Sticks to Snakes  |    11 |     9 ||    20
Evoke: Wand              |       |     1 ||     1
  Use: Potion            |     4 |       ||     4
       Scroll            |     2 |     1 ||     3
 Stab: Sleeping          |       |     1 ||     1
  Eat: Chunk             |     1 |     1 ||     2
       Pizza             |     1 |       ||     1
       Beef jerky        |     1 |       ||     1
Armor: Robe              |    38 |    19 ||    57
Dodge: Dodged            |    59 |    43 ||   102
